AoeStats
← R1v3rs

Black Forest

509769510Analyzed
3v3 RM · 3d ago on Sep 28, 2026· 51m 57s· 6 players
Game mode
Random Map
Map size
Normal (6 player)
Population
200
Speed
Normal
Resources
Standard
Victory
Conquest
Starting age
Dark Age
Ending age
Imperial Age
RankedLock teamsTeams togetherTeam positionsShared explorationLock speedFull tech treeHidden civsTurbo modeCheats
Victory
Defeat
🇺🇸 Danes · United States
962
+15
🇺🇸 Varangians · United States
929
+16
🇺🇸 Spanish · United States
876
+19
🇧🇷 Khmer · Brazil
990
-18
🇺🇸 Turks · United States
959
-18
🇨🇴 Romans · Colombia
867
-14
R1v3rs
13:38 Feudal Age
14:06 Double-Bit Axe
19:34 Castle Age
18:47 Gold Mining
19:40 Horse Collar
21:44 Wheelbarrow
23:31 Heavy Plow
24:54 Stone Mining
28:15 Hand Cart
34:41 Imperial Age
34:29 Ballistics
34:58 Elite Conquistador
35:37 Fletching
36:49 Scale Barding Armor
36:42 Bodkin Arrow
36:52 Padded Archer Armor
37:03 Forging
39:20 Chain Barding Armor
39:01 Bracer
39:42 Leather Archer Armor
41:16 Plate Barding Armor
41:19 Iron Casting
46:48 Chemistry
46:21 Ring Archer Armor
46:52 Blast Furnace
Cyan
11:40 Feudal Age
16:31 Castle Age
14:40 Double-Bit Axe
14:56 Horse Collar
17:14 Wheelbarrow
18:04 Bow Saw
22:56 Fishing Lines
25:56 Hand Cart
25:39 Gillnets
26:02 Scale Mail Armor
26:12 Forging
26:09 Heavy Plow
27:37 Town Watch
31:45 Imperial Age
29:04 Loom
29:19 Town Patrol
30:18 Chain Mail Armor
32:36 Iron Casting
32:20 Capped Ram
33:33 Conscription
33:19 Stone Mining
33:19 Gold Mining
34:06 Plate Mail Armor
34:36 Blast Furnace
34:48 Chemistry
34:09 Ballistics
34:21 Squires
34:07 Arson
34:07 Gambesons
33:43 Elite Varangian Guard
36:43 Siege Ram
40:01 Elite Jomsviking
40:02 Hamask
dannyk701
11:55 Feudal Age
16:19 Castle Age
26:08 Wheelbarrow
25:38 Horse Collar
29:16 Devotion
31:58 Imperial Age
30:48 Stone Mining
30:48 Gold Mining
30:53 Double-Bit Axe
31:11 Heavy Plow
33:20 Forging
33:16 Scale Barding Armor
33:14 Scale Mail Armor
33:16 Town Watch
34:00 Town Patrol
34:34 Onager
37:37 Devotion
38:02 Ballistics
37:48 Siege Engineers
37:40 Murder Holes
37:57 Masonry
37:57 Fortified Wall
37:49 Elite Jarl
39:08 Hand Cart
38:38 Loom
39:29 Crop Rotation
41:22 Iron Casting
41:08 Chain Barding Armor
42:24 Capped Ram
ijoh88
0:32 Loom
15:15 Feudal Age
16:51 Wheelbarrow
16:33 Double-Bit Axe
17:45 Gold Mining
17:50 Stone Mining
19:05 Horse Collar
23:08 Castle Age
27:01 Bow Saw
35:07 Imperial Age
33:18 Ballistics
37:26 Chemistry
37:04 Guilds
36:56 Caravan
38:30 Ballistas
38:48 Conscription
38:39 Heavy Scorpion
40:36 Capped Ram
46:25 Scale Barding Armor
46:30 Forging
48:30 Chain Barding Armor
48:47 Iron Casting
49:14 Siege Engineers
49:51 Plate Barding Armor
UnleashHeck
0:40 Loom
12:35 Feudal Age
13:33 Double-Bit Axe
13:33 Fishing Lines
19:45 Castle Age
20:53 Caravan
20:58 Gold Mining
21:09 Gillnets
22:35 Bow Saw
29:21 Imperial Age
27:17 Fletching
27:16 Horse Collar
28:29 Ballistics
29:16 Heavy Plow
29:16 Town Watch
29:32 Bodkin Arrow
29:59 Fortified Wall
30:31 Bombard Tower
31:13 Wheelbarrow
32:02 Artillery
33:02 Guard Tower
33:17 Town Patrol
37:52 Conscription
38:51 Murder Holes
39:06 Masonry
44:37 Forging
44:34 Scale Barding Armor
46:35 Husbandry
46:45 Bloodlines
49:27 Iron Casting
48:43 Heavy Camel Rider
51:26 Two-Man Saw
MESSIKNIGHT
0:27 Loom
10:29 Feudal Age
10:57 Double-Bit Axe
17:18 Castle Age
17:19 Horse Collar
18:16 Bow Saw
18:37 Heavy Plow
19:44 Fervor
22:41 Gold Mining
23:49 Wheelbarrow
24:00 Stone Mining
26:55 Stone Shaft Mining
27:19 Hand Cart
27:45 Gold Shaft Mining
27:57 Caravan
28:58 Town Watch
33:32 Imperial Age
31:38 Scale Barding Armor
31:44 Forging
33:24 Iron Casting
32:40 Fletching
32:51 Padded Archer Armor
33:15 Scale Mail Armor
32:38 Pikeman
34:07 Town Patrol
34:31 Chain Barding Armor
34:34 Conscription
34:18 Tusk Swords
35:11 Crop Rotation
35:12 Light Cavalry
36:03 Bloodlines
36:30 Husbandry
35:53 Hussar
37:56 Chemistry
37:54 Plate Barding Armor
39:05 Blast Furnace
38:01 Bodkin Arrow
39:19 Leather Archer Armor
38:41 Cavalier
39:55 Bracer
40:41 Chain Mail Armor
40:57 Ring Archer Armor
41:36 Elite Skirmisher
45:48 Elite Battle Elephant
Connection lost

Rejoining the realm…

Still unreachable

The connection could not be restored.

Session expired

The server has moved on; the page needs a fresh start.